 Dungeon Crawl Stone Soup version 0.19-a0-1493-gd0fcaa6 (webtiles) character file.

5731 Kidiri the Thaumaturge (level 10, -5/61 HPs)
             Began as a Deep Elf Fire Elementalist on Sept 9, 2016.
             Was an Elder of Vehumet.
             Slain by a yak (17 damage)
             ... on level 8 of the Dungeon.
             The game lasted 00:32:43 (11100 turns).

Kidiri the Thaumaturge (DEFE)                      Turns: 11100, Time: 00:32:43

Health: -5/61      AC:  7    Str:  5    XL:     10   Next: 48%
Magic:  14/26      EV: 16    Int: 29    God:    Vehumet [****..]
Gold:   159        SH:  0    Dex: 17    Spells: 10 memorised, 1 level left

rFire  + . .     SeeInvis .     y - +3 mace of Untruth {drain, rPois}
rCold  . . .     Gourm    .     k - +1 robe {rF+}
rNeg   . . .     Faith    .     (no shield)
rPois  +         Spirit   .     (no helmet)
rElec  .         Dismiss  .     n - +1 cloak
rCorr  .         Reflect  .     i - +1 pair of gloves
MR     ++...     Harm     .     (no boots)
Stlth  ++........               (no amulet)
                                (no ring)
                                x - +5 ring of intelligence

@: no status effects
A: hooves 2, agile 1, magic resistance 1, robust 1
a: Renounce Religion


You were on level 8 of the Dungeon.
You worshipped Vehumet.
Vehumet was greatly pleased with you.
You were hungry.

You visited 2 branches of the dungeon, and saw 9 of its levels.
You also visited: Sewer.

You collected 412 gold pieces.
You spent 253 gold pieces at shops.

Inventory:

Hand Weapons
 m - a +3 dagger of protection
 y - the +3 mace of Untruth (weapon) {drain, rPois}
   (You found it on level 7 of the Dungeon)

   A truly terrible weapon, it drains the life of those it strikes.
   It protects you from poison.
Armour
 i - a +1 pair of gloves (worn)
 k - a +1 robe of fire resistance (worn)
 n - a +1 cloak (worn)
 B - a +0 large shield
Jewellery
 w - an uncursed amulet of harm
 x - a +5 ring of intelligence (left hand)
Wands
 z - a wand of disintegration (9/24)
Scrolls
 a - a scroll of magic mapping
 l - a scroll of immolation
 r - 6 scrolls of teleportation
 u - a scroll of remove curse
 D - a scroll of identify
Potions
 d - a potion of lignification
 e - a potion of cure mutation
 g - 2 potions of agility
 h - 2 potions of curing
 j - a potion of might
 o - a potion of ambrosia
 p - 4 potions of flight
 q - a potion of invisibility
 s - a potion of magic
 t - a potion of haste
 v - 2 potions of brilliance
Books
 b - a book of Flames

   Spells                             Type                      Level
   a - Flame Tongue                   Conjuration/Fire             1
   b - Throw Flame                    Conjuration/Fire             2
   c - Conjure Flame                  Conjuration/Fire             3
   d - Inner Flame                    Hexes/Fire                   3
   e - Sticky Flame                   Conjuration/Fire             4
   f - Fireball                       Conjuration/Fire             5
 A - a book of Conjurations

   Spells                             Type                      Level
   a - Magic Dart                     Conjuration                  1
   b - Searing Ray                    Conjuration                  2
   c - Dazzling Spray                 Conjuration/Hexes            3
   d - Fulminant Prism                Conjuration/Hexes            4
   e - Iskenderun's Mystic Blast      Conjuration                  4
   f - Iskenderun's Battlesphere      Conjuration/Charms           5
Comestibles
 c - 7 bread rations
 f - 2 meat rations
 C - 7 royal jellies
 E - a slice of pizza


   Skills:
 + Level 3.3 Fighting
 + Level 4.1 Short Blades
 + Level 3.5 Armour
 + Level 5.9 Dodging
 - Level 2.4 Stealth
 + Level 1.2 Shields
 + Level 3.5 Unarmed Combat
 * Level 10.0 Spellcasting
 + Level 6.2 Conjurations
 + Level 6.6 Fire Magic
 + Level 3.0 Air Magic
 + Level 0.9 Earth Magic
 + Level 4.4 Poison Magic
 + Level 1.4 Evocations


You had one spell level left.
You knew the following spells:

 Your Spells              Type           Power        Failure   Level  Hunger
a - Flame Tongue          Conj/Fire      #####        1%          1    None
b - Throw Flame           Conj/Fire      ######       1%          2    None
c - Conjure Flame         Conj/Fire      ######..     1%          3    None
d - Inner Flame           Hex/Fire       ####....     1%          3    None
e - Sticky Flame          Conj/Fire      ######..     1%          4    None
f - Fireball              Conj/Fire      ######....   2%          5    ###....
g - Sting                 Conj/Pois      ####         1%          1    None
h - Shock                 Conj/Air       ####         1%          1    None
i - Ignite Poison         Fire/Tmut/Pois #####...     1%          3    None
j - Lee's Rapid Deconstr  Erth           ###.......   34%         5    ###....


Dungeon Overview and Level Annotations

Branches:
Dungeon (8/15)             Temple (1/1) D:5            Lair (0/6) D:8

Altars:
Ashenzari
Cheibriados
Dithmenos
Elyvilon
Fedhas
Gozag
Hepliaklqana
Makhleb
Nemelex Xobeh
Okawaru
Qazlal
Ru
Trog
Uskayaw
Vehumet
Xom
Yredelemnul
Zin
The Shining One

Shops:
D:8 ?

Annotations:
D:3 epen's ghost, amateur MfMo
D:8 exclusion: 2 doors


Innate Abilities, Weirdness & Mutations

You have hoof-like feet.
You are agile. (Dex +2)
You are resistant to hostile enchantments. (MR+)
You are robust. (+10% HP)


Message History

Aim: a centaur warrior (almost dead)
The sticky flame hits the centaur warrior.
The centaur warrior is almost dead.
The centaur warrior is covered in liquid flames!
The centaur warrior burns!
You kill the centaur warrior!
Vehumet accepts your kill.
You feel your power returning.
Your Spellcasting skill increases to level 10!
Your Air Magic skill increases to level 3!
The yak misses you.
Casting: Sticky Flame
Confirm with . or Enter, or press ? or * to list all spells.
Aiming: Sticky Flame
Press: ? - help, Shift-Dir - straight line, f - yak
Aim: a yak The sticky flame hits the yak.
The yak is lightly wounded.
The yak is covered in liquid flames!
The yak burns!
The yak gores you!
You die...

....%..........#.#.# ≈≈..≈ #
..#..#.......<.#...##≈≈≈≈..≈≈ #
................####≈≈≈≈≈..≈≈≈ #
#......#........# #≈≈≈≈≈≈..≈≈≈≈
................##≈≈≈≈≈≈≈..≈≈≈≈;
..........###...#≈≈≈≈≈≈≈≈..≈≈≈≈≈≈
#......#....#...#≈≈≈≈≈≈≈
............#...#≈≈≈≈≈≈≈
..#..#......#...@)......
............#...'Y......
............#...#≈≈≈≈≈≈≈
............#...#≈≈≈≈≈≈≈≈..≈≈≈≈≈≈
#.∩....#....#####≈≈≈≈≈≈≈≈..≈≈≈≈≈≈
##.....#....# #≈≈≈≈≈≈≈..≈≈≈≈≈≈
.......#....# #≈≈≈≈≈≈..≈≈≈≈≈≈
............# #≈≈≈≈≈..≈≈≈≈≈#
..#.........# #≈≈≈≈..≈≈≈≈#


You could see a yak (burning).

Vanquished Creatures
  A centaur warrior (D:8)
  Pikel (D:3)
  A queen bee (D:8)
  A human (D:2)
  Eustachio (D:4)
  A hungry ghost (D:8)
  The ghost of epen the Insei, an amateur OpMo (D:4)
  Duvessa (D:4)
  2 orc warriors (D:6)
  A sky beast (D:7)
  A wasp (D:7)
  4 phantoms
  An ice beast (D:5)
  3 ogres
  2 centaurs
  A giant frog (D:7)
  Dowan (D:4)
  4 scorpions
  18 killer bees
  An electric eel (D:8)
  A howler monkey (D:6)
  A centaur zombie (D:8)
  A giant frog zombie (D:8)
  A giant frog skeleton (D:8)
  5 hounds
  Crazy Yiuf (D:2)
  4 orc priests
  A gnoll shaman (D:7)
  Jessica (D:2)
  Terence (D:2)
  4 iguanas
  9 orc wizards
  Natasha (twice) (D:2)
  3 worker ants
  A killer bee zombie (D:6)
  2 hound zombies
  2 hound skeletons
  2 worker ant zombies
  10 gnolls
  6 adders
  4 shadow imps
  5 oozes
  An adder skeleton (D:8)
  4 worms
  A dart slug (D:1)
  5 giant geckos
  19 orcs
  10 giant cockroaches
  7 goblins
  11 hobgoblins
  6 jackals
  4 quokkas
  5 ball pythons
  14 bats
  A giant gecko zombie (D:6)
  7 giant newts
  A jackal skeleton (D:2)
  7 kobolds
  A quokka zombie (D:7)
  8 rats
226 creatures vanquished.

Notes
Turn   | Place    | Note
-------+----------+-------------------------------------------
     0 | D:1      | Kidiri the Deep Elf Fire Elementalist began the quest for the Orb.
     0 | D:1      | Reached XP level 1. HP: 10/10 MP: 6/6
   188 | D:1      | Reached XP level 2. HP: 15/15 MP: 6/8
   192 | D:1      | Learned a level 2 spell: Throw Flame
   671 | D:1      | Reached skill level 4 in Spellcasting
   760 | D:1      | Reached XP level 3. HP: 19/19 MP: 7/10
   765 | D:1      | Learned a level 3 spell: Conjure Flame
   769 | D:1      | Learned a level 3 spell: Inner Flame
  1462 | D:2      | Found a runed door.
  1677 | D:2      | Noticed Terence
  1703 | D:2      | Killed Terence
  1703 | D:2      | Reached skill level 5 in Spellcasting
  1703 | D:2      | Reached XP level 4. HP: 19/24 MP: 0/13
  1709 | D:2      | Learned a level 4 spell: Sticky Flame
  1783 | D:2      | Found an iron altar of Okawaru.
  1841 | D:2      | Found a radiant altar of Vehumet.
  1844 | D:2      | Became a worshipper of Vehumet
  1860 | D:2      | Noticed Natasha
  1864 | D:2      | Killed Natasha
  1912 | D:2      | Found a runed door.
  1912 | D:2      | Noticed a human
  1914 | D:2      | Found a basalt altar of Yredelemnul.
  1955 | D:2      | Killed a human
  1955 | D:2      | Reached skill level 6 in Spellcasting
  1955 | D:2      | Reached XP level 5. HP: 19/28 MP: 0/15
  2139 | D:2      | Noticed Jessica
  2142 | D:2      | Killed Jessica
  2142 | D:2      | Reached XP level 6. HP: 32/32 MP: 12/17
  2149 | D:2      | Learned a level 5 spell: Fireball
  2375 | D:2      | Noticed Natasha
  2378 | D:2      | Killed Natasha
  2684 | D:2      | Noticed Crazy Yiuf
  2688 | D:2      | Killed Crazy Yiuf
  2802 | D:2      | Reached skill level 7 in Spellcasting
  2910 | D:3      | Reached skill level 1 in Short Blades
  3257 | D:3      | Found a blossoming altar of Fedhas.
  3985 | D:3      | Noticed epen's ghost (amateur MfMo)
  3987 | D:3      | Found a sparkling altar of Nemelex Xobeh.
  4007 | D:3      | Reached * piety under Vehumet
  4007 | D:3      | Offered knowledge of Sting by Vehumet.
  4007 | D:3      | Reached skill level 1 in Fighting
  4010 | D:3      | Learned a level 1 spell: Sting
  4133 | D:4      | Reached XP level 7. HP: 38/38 MP: 19/19
  4149 | D:4      | Reached skill level 1 in Unarmed Combat
  4171 | D:4      | Noticed epen's ghost (amateur OpMo)
  4314 | D:4      | Reached skill level 1 in Poison Magic
  4377 | D:4      | Killed epen's ghost
  4377 | D:4      | Reached skill level 1 in Armour
  4481 | D:4      | Noticed Dowan
  4482 | D:4      | Noticed Duvessa
  4504 | D:4      | Noticed Pikel
  4752 | D:3      | Killed Pikel
  4752 | D:3      | Reached skill level 8 in Spellcasting
  4752 | D:3      | Reached skill level 5 in Fire Magic
  4752 | D:3      | Reached XP level 8. HP: 20/44 MP: 13/22
  5366 | D:4      | Killed Duvessa
  5384 | D:4      | Killed Dowan
  5420 | D:4      | Noticed Eustachio
  5429 | D:4      | Killed Eustachio
  5655 | D:5      | Entered Level 5 of the Dungeon
  5934 | D:5      | Reached XP level 9. HP: 48/48 MP: 13/23
  5936 | D:5      | Reached ** piety under Vehumet
  5936 | D:5      | Offered knowledge of Shock by Vehumet.
  5936 | D:5      | Reached skill level 9 in Spellcasting
  5940 | D:5      | Learned a level 1 spell: Shock
  6078 | D:5      | Found a staircase to the Ecumenical Temple.
  6087 | Temple   | Entered the Ecumenical Temple
  6572 | D:5      | Reached skill level 5 in Conjurations
  6795 | D:6      | Found a glowing drain.
  6815 | Sewer    | Entered a sewer
  7154 | Sewer    | Offered knowledge of Static Discharge by Vehumet.
  7617 | D:6      | Reached skill level 1 in Air Magic
  7983 | D:6      | Reached *** piety under Vehumet
  8085 | D:6      | Found an opulent altar of Gozag.
  8712 | D:7      | Got a polished mace
  8713 | D:7      | Identified the +3 mace of Untruth {drain, rPois} (You found it on level 7 of the Dungeon)
  8781 | D:7      | Reached skill level 5 in Dodging
  9066 | D:7      | Offered knowledge of Ignite Poison by Vehumet.
  9232 | D:7      | Gained mutation: You are robust. (+10% HP) [mutagenic meat]
  9235 | D:7      | Gained mutation: You have large cloven feet. [mutagenic meat]
  9587 | D:7      | Learned a level 3 spell: Ignite Poison
  9926 | D:8      | Found a white marble altar of Elyvilon.
 10196 | D:8      | Reached XP level 10. HP: 43/60 MP: 22/25
 10220 | D:8      | Reached **** piety under Vehumet
 10304 | D:8      | HP: 3/61 [queen bee (11)]
 10527 | D:8      | Offered knowledge of Lee's Rapid Deconstruction by Vehumet.
 10534 | D:8      | Learned a level 5 spell: Lee's Rapid Deconstruction
 10689 | D:8      | Found a burning altar of Makhleb.
 10697 | D:8      | Reached skill level 1 in Shields
 10863 | D:8      | Found Niheir's Magic Scroll Boutique.
 10871 | D:8      | Bought a scroll of identify for 26 gold pieces
 10871 | D:8      | Bought a scroll of identify for 26 gold pieces
 10871 | D:8      | Bought a scroll of identify for 26 gold pieces
 10871 | D:8      | Bought a scroll of identify for 26 gold pieces
 10871 | D:8      | Bought a scroll of enchant weapon for 97 gold pieces
 10871 | D:8      | Bought a scroll of identify for 26 gold pieces
 10871 | D:8      | Bought a scroll of identify for 26 gold pieces
 10877 | D:8      | Gained mutation: You have hoof-like feet. [potion of mutation]
 10877 | D:8      | Gained mutation: You are agile. (Dex +2) [potion of mutation]
 10877 | D:8      | Gained mutation: You are resistant to hostile enchantments. (MR+) [potion of mutation]
 10920 | D:8      | Found a staircase to the Lair.
 10944 | D:8      | Reached skill level 1 in Evocations
 11088 | D:8      | Noticed a centaur warrior
 11099 | D:8      | Killed a centaur warrior
 11099 | D:8      | Reached skill level 10 in Spellcasting
 11100 | D:8      | Slain by a yak

Vault maps used:
D:1:      onia_arrival_pyramid
D:2:      lemuel_doored_altar, old_standard_altar, dk_yredelemnul_ordeal,
          uniq_terence, uniq_natasha, uniq_crazy_yiuf_cottage, uniq_jessica
D:3:      nemelex_altar_shiori, overflow_temple_1_default, minmay_door_square
D:4:      first_bread, uniq_eustachio, uniq_duvessa, uniq_pikel
D:5:      grunt_ministairs_9
D:6:      portal_sewer_entry_b, nicolae_gozag_seed_capital
D:8:      kennysheep_big_flooded_room, kennysheep_little_box, bloody_makhleb,
          lair_0_dummy, serial_shops, shop, david_nohive_1,
          hangedman_glass_teeth, minmay_misc_feat_plants
Temple:   minmay_temple_forest_path
Sewer:    sewer_fruit_machine

Skill      XL: |  1  2  3  4  5  6  7  8  9 10 |
---------------+-------------------------------+-----
Spellcasting   | 4 5 6 7 8 9 10 | 10.0
Conjurations   | 2 3 4 5 6 |  6.2
Fire Magic     | 4 5 6 |  6.6
Short Blades   | 1 2 3 4 |  4.1
Fighting       | 1 2 3 |  3.3
Unarmed Combat | 1 2 3 |  3.5
Poison Magic   | 2 3 4 |  4.4
Armour         | 1 2 3 |  3.5
Dodging        | 3 4 5 |  5.9
Air Magic      | 2 3 |  3.0
Shields        | 1 |  1.2
Evocations     | 1 |  1.4
Stealth        | |  2.4
Earth Magic    | |  0.9

Action                   |  1- 3 |  4- 6 |  7- 9 | 10-12 || total
-------------------------+-------+-------+-------+-------++-------
Melee: Dagger            |    28 |   129 |    71 |       ||   228
       Mace              |       |       |    24 |    13 ||    37
       Kick              |       |       |     6 |     2 ||     8
 Cast: Flame Tongue      |    65 |    33 |   239 |    74 ||   411
       Sticky Flame      |       |     5 |    21 |     5 ||    31
       Throw Flame       |       |     1 |    17 |    14 ||    32
       Fireball          |       |     1 |     3 |       ||     4
       Conjure Flame     |       |       |    14 |     2 ||    16
       Inner Flame       |       |       |     7 |       ||     7
  Use: Scroll            |     2 |     4 |    15 |     7 ||    28
       Potion            |       |     1 |     1 |     5 ||     7
 Stab: Sleeping          |       |     3 |     8 |       ||    11
       Distracted        |       |     1 |       |       ||     1
  Eat: Chunk             |     2 |     9 |    19 |       ||    30
       Meat ration       |       |       |     1 |       ||     1
       Beef jerky        |       |       |     1 |       ||     1
Armor: Robe              |    21 |    38 |    66 |    17 ||   142
       Skin              |       |    14 |       |       ||    14
Dodge: Dodged            |    54 |    82 |   144 |    46 ||   326
